 Dungeon Crawl Stone Soup version 0.23.2-1-ga50397a (webtiles) character file.

Game seed: 12552464042667779984

6673 IBeShadow the Summoner (level 10, -1/63 HPs)
             Began as a Black Draconian Summoner on May 10, 2019.
             Was a Follower of Ashenzari.
             Slain by a spatial maelstrom (16 damage)
             ... on level 1 of the Abyss.
             The game lasted 01:09:30 (17128 turns).

IBeShadow the Summoner (Black Draconian Summoner)  Turns: 17128, Time: 01:09:31

Health: -1/63      AC: 11    Str:  7    XL:     10   Next: 73%
Magic:  19/19      EV: 12    Int: 17    God:    Ashenzari [*.....]
Gold:   597        SH:  7    Dex: 12    Spells: 5/15 levels left

rFire    + . .     SeeInvis +   i - +0 trident
rCold    . . .     Gourm    .   y - +2 buckler {rF+}
rNeg     . . .     Faith    .   (armour unavailable)
rPois    .         Spirit   .   N - +2 hat {Int+3} (curse)
rElec    +         Reflect  .   n - +0 cloak
rCorr    .         Harm     .   e - +0 pair of gloves
MR       .....                  (no boots)
Stlth    ++........             O - amulet of magic regeneration (curse)
HPRegen  0.20/turn              r - ring of see invisible
MPRegen  0.41/turn              v - ring of magical power

@: no status effects
A: breathe lightning, unfitting armour, [blurry vision 3], [dopey 2], [frail 3],
[low mp 3], [screaming 2], electricity resistance, [weak 2], cold-blooded, AC +7
a: Breathe Lightning, Curse Item, Scrying, Renounce Religion


You were on level 1 of the Abyss.
You worshipped Ashenzari.
Ashenzari was aware of your devotion.
You were very full.

You visited 2 branches of the dungeon, and saw 11 of its levels.
You visited the Abyss 1 time.
You also visited: Bailey.

You collected 597 gold pieces.

Inventory:

Hand Weapons
 i - a +0 trident (weapon)
 t - a +6 quarterstaff
 J - a +0 glaive
 L - a +2 whip of electrocution
Missiles
 I - 7 javelins of returning (quivered)
Armour
 e - a +0 pair of gloves (worn)
 n - a +0 cloak (worn)
 y - a +2 buckler of fire resistance (worn)
 N - a cursed +2 hat of intelligence (worn)
Magical Staves
 M - an uncursed staff of cold
 Q - a cursed staff of power
Jewellery
 h - an uncursed ring of protection from fire
 r - a ring of see invisible (left hand)
 v - a ring of magical power (right hand)
 G - an uncursed ring of protection from magic
 H - an uncursed ring of magical power
 O - a cursed amulet of magic regeneration (around neck)
Wands
 x - a wand of paralysis (10)
 E - a wand of random effects (1)
 F - a wand of digging (6)
 K - a wand of iceblast (6)
 P - a wand of clouds (7)
Scrolls
 k - 4 scrolls of amnesia
 m - 2 scrolls of remove curse
 o - 5 scrolls of enchant armour
 p - a scroll of magic mapping
 z - a scroll of noise
 B - 2 scrolls of fog
 D - a scroll of silence
Potions
 d - 2 potions of flight
 f - 6 potions of curing
 j - a potion of invisibility
 l - 3 potions of might
 s - a potion of magic
 u - a potion of mutation {unknown}
 A - a potion of degeneration {unknown}
 C - a potion of lignification {unknown}
Comestibles
 b - 5 rations


   Skills:
 + Level 9.4 Fighting
 + Level 8.3 Polearms
 - Level 1.7 Dodging
 - Level 1.7 Stealth
 - Level 4.7 Shields
 - Level 3.0 Spellcasting
 + Level 9.8 Summonings
 + Level 4.5 Air Magic


You had 5 spell levels left.
You knew the following spells:

 Your Spells              Type           Power        Failure   Level  Hunger
a - Summon Small Mammal   Summ           ####         1%          1    None
b - Call Imp              Summ           #####...     1%          2    ##.....
c - Call Canine Familiar  Summ           #####...     1%          3    ###....
d - Summon Lightning Spi  Summ/Air       ####....     9%          4    ####...

Your spell library contained the following spells:

 Spells                   Type           Power        Failure   Level  Hunger
 Summon Guardian Golem    Hex/Summ       ###.....     7%          3    ###....
 Poisonous Vapours        Pois/Air       ##....       11%         2    ##.....
 Animate Skeleton         Necr           N/A          17%         1    None
 Apportation              Tloc           #.....       17%         1    None
 Confusing Touch          Hex            #.....       17%         1    None
 Magic Dart               Conj           #...         17%         1    None
 Summon Ice Beast         Ice/Summ       ###.....     24%         4    ####...
 Blink                    Tloc           N/A          26%         2    ##.....
 Searing Ray              Conj           #.....       26%         2    ##.....
 Slow                     Hex            #.......     26%         2    ##.....
 Mephitic Cloud           Conj/Pois/Air  #.......     28%         3    ###....
 Conjure Flame            Conj/Fire      #.......     45%         3    ###....
 Dazzling Spray           Conj/Hex       #.....       45%         3    ###....
 Force Lance              Conj/Tloc      #.......     86%         4    ####...
 Fulminant Prism          Conj/Hex       #.........   86%         4    ####...
 Iskenderun's Mystic Bla  Conj           #.......     86%         4    ####...
 Bolt of Magma            Conj/Fire/Erth #.........   99%         5    ######.
 Iskenderun's Battlesphe  Conj/Chrm      #.......     99%         5    ######.
 Venom Bolt               Conj/Pois      #.........   99%         5    ######.
 Freezing Cloud           Conj/Ice/Air   #.........   100%        6    #######
 Iron Shot                Conj/Erth      #.........   100%        6    #######
 Orb of Destruction       Conj           #.........   100%        7    #######
 Ring of Flames           Chrm/Fire      #.........   100%        7    #######
 Spellforged Servitor     Conj/Summ      ###.......   100%        7    #######


Dungeon Overview and Level Annotations

Branches:
Dungeon (10/15)            Temple (1/1) D:7
   Lair: D:8-11         Orc: D:9-12

Altars:
Ashenzari
Cheibriados
Dithmenos
Elyvilon
Fedhas
Gozag
Hepliaklqana
Kikubaaqudgha
Makhleb
Nemelex Xobeh
Okawaru
Qazlal
Ru
Sif Muna
Trog
Uskayaw
Vehumet
Wu Jian
Xom
Yredelemnul
Zin
The Shining One

Shops:
D:5 [=

Annotations:
D:6 3 runed translucent doors, bande's ghost, novice GnAM
D:10 Erolcha


Innate Abilities, Weirdness & Mutations

You can breathe wild blasts of lightning.
Your glossy black scales are hard. (AC +7)
You cannot fit into any form of body armour.
You are resistant to electric shocks. (rElec)
You are cold-blooded and may be slowed by cold attacks.
[Scrolls take you much longer to read.]
[You are very dopey. (Int -4)]
[You are extremely frail. (-30% HP)]
[Your magical capacity is extremely low. (-30% MP)]
[You sometimes yell uncontrollably at your foes.]
[You are very weak. (Str -4)]


Message History

2 spatial vortices come into view.
You block the spatial maelstrom's attack.
The spatial maelstrom barely misses you.
The thrashing horror tramples you but does no damage. x2
You hit the spatial vortex.
You tail-slap the spatial vortex, but do no damage.
The spatial vortex is lightly damaged.
The thrashing horror barely misses you.
The thrashing horror closely misses you.
The spatial maelstrom hits you but does no damage.
The spatial maelstrom barely misses you.
The thrashing horror tramples you!
* * * LOW HITPOINT WARNING * * *
You hold your ground!
The thrashing horror tramples you.
* * * LOW HITPOINT WARNING * * *
You hold your ground!
The spatial maelstrom hits you but does no damage.
You block the spatial maelstrom's attack.
The spatial maelstrom hits you!
You die...

# ###.####
#.#..@X## #
#.v.v.##
#..#.....#
#§#...v###
#x*.##.#
###§....##
###.*#...#.#
.v.##...##
.*#.## #..#


You could see a spatial maelstrom, 2 wretched stars, 2 spatial vortices and a
thrashing horror.

Vanquished Creatures
  A two-headed ogre (D:10)
  A gargoyle (D:9)
  A hippogriff (D:7)
  A yak (D:9)
  A spriggan (D:8)
  A hungry ghost (D:9)
  An ice beast (D:7)
  4 orc warriors
  A black bear (D:6)
  A phantom (D:6)
  6 centaurs
  A crocodile (D:9)
  Blork the orc (D:9)
  2 bullfrogs
  2 scorpions
  A killer bee (D:8)
  2 howler monkeys
  3 crimson imps
  A bullfrog zombie (D:9)
  3 bullfrog skeletons
  A jelly (D:6)
  A centaur skeleton (D:4)
  An orc priest (D:4)
  3 hounds
  6 orc wizards
  6 worker ants
  A hound zombie (D:7)
  2 adders
  A shadow imp (D:6)
  2 oozes (D:1)
  An adder skeleton (D:4)
  An adder zombie (D:7)
  3 worms
  4 leopard geckos
  12 orcs
  4 giant cockroaches
  3 goblins
  2 hobgoblins
  7 jackals
  3 quokkas
  A ball python (D:4)
  4 bats
  5 frilled lizards
  A jackal skeleton (D:5)
  5 kobolds
  2 quokka skeletons
  8 rats
  A bush (D:4)
126 creatures vanquished.

Vanquished Creatures (collateral kills)
  Gastronok (D:9)
  Harold (D:9)
  Joseph (D:9)
  A wyvern (D:8)
  4 yaks (D:9)
  9 orc warriors
  3 ogres
  An ice beast (D:6)
  A black bear (D:6)
  A phantom (D:9)
  3 centaurs
  A big kobold (D:7)
  4 bullfrogs
  2 scorpions (D:4)
  3 killer bees (D:8)
  2 howler monkeys
  A crimson imp (D:7)
  A centaur skeleton (D:4)
  4 orc wizards
  2 orc priests (D:9)
  3 hounds
  2 jellies
  An iron imp (Abyss:1)
  2 iguanas
  3 worker ants
  5 adders
  An adder zombie (D:10)
  An adder skeleton (D:6)
  2 worms
  2 dart slugs
  2 leopard geckos
  39 orcs
  A giant cockroach (D:1)
  A hobgoblin (D:1)
  4 jackals
  A quokka (D:9)
  2 bats (D:2)
  2 frilled lizards
  3 goblins
  2 kobolds (D:7)
  A quokka zombie (D:9)
  A rat (D:3)
127 creatures vanquished.

Vanquished Creatures (others)
  An iguana (D:9)
  An orc wizard (D:9)
  A fungus (D:10)
  2 plants (D:10)
5 creatures vanquished.

Grand Total: 258 creatures vanquished

Notes
Turn   | Place    | Note
-------+----------+-------------------------------------------
     0 | D:1      | IBeShadow the Draconian Summoner began the quest for the
                  | Orb.
     0 | D:1      | Reached XP level 1. HP: 14/14 MP: 3/3
   459 | D:1      | Reached XP level 2. HP: 12/22 MP: 0/5
   463 | D:1      | Learned a level 2 spell: Call Imp
   751 | D:1      | Reached skill level 1 in Fighting
  1798 | D:2      | Reached XP level 3. HP: 28/28 MP: 6/6
  2373 | D:2      | Learned a level 3 spell: Call Canine Familiar
  2766 | D:3      | Reached skill level 5 in Summonings
  2800 | D:3      | Reached XP level 4. HP: 16/36 MP: 0/7
  3264 | D:3      | Reached skill level 1 in Polearms
  3655 | D:4      | Found a deep blue altar of Sif Muna.
  3656 | D:4      | Found a sparkling altar of Nemelex Xobeh.
  3670 | D:4      | Reached XP level 5. HP: 35/44 MP: 3/8
  4061 | D:4      | Noticed an ogre
  4082 | D:4      | Killed an ogre
  4082 | D:4      | Reached XP level 6. HP: 13/51 MP: 1/9
  4384 | D:4      | Found a faded altar of an unknown god.
  4384 | D:4      | Found a snail-covered altar of Cheibriados.
  4389 | D:4      | Found a basalt altar of Yredelemnul.
  4391 | D:4      | Found a faded altar of an unknown god.
  4393 | D:4      | Found a hazy altar of Hepliaklqana.
  5303 | D:5      | Entered Level 5 of the Dungeon
  5369 | D:5      | Found Tonwymut's Jewellery Shop.
  5402 | D:5      | Found Ygrisom's Antique Armour Boutique.
  5771 | D:5      | Found a hide-covered altar of Uskayaw.
  5887 | D:5      | Your scales start taking on a glossy black colour.
  5887 | D:5      | Reached XP level 7. HP: 51/60 MP: 10/10
  5887 | D:5      | Gained mutation: You are resistant to electric shocks.
                  | (rElec) [Black Draconian growth]
  6514 | D:6      | Noticed a two-headed ogre
  6514 | D:6      | Noticed bande's ghost (novice GnAM)
  6515 | D:6      | Found a runed translucent gate.
  6515 | D:6      | Found a runed translucent gate.
  6515 | D:6      | Found a runed translucent gate.
  6548 | D:6      | Reached skill level 5 in Fighting
  7208 | D:6      | Reached XP level 8. HP: 49/70 MP: 11/11
  7478 | D:6      | Reached skill level 5 in Polearms
  7721 | D:7      | Noticed a hippogriff
  8406 | D:7      | Found a staircase to the Ecumenical Temple.
  8423 | Temple   | Entered the Ecumenical Temple
  8588 | Temple   | Became a worshipper of Ashenzari the Shackled
  8653 | D:7      | Killed a hippogriff
  8952 | D:7      | Reached skill level 1 in Shields
 10172 | D:8      | Reached XP level 9. HP: 78/78 MP: 13/13
 11195 | D:9      | Reached * piety under Ashenzari
 11540 | D:9      | Noticed Blork the orc
 11561 | D:9      | Killed Blork the orc
 11564 | D:9      | Found a deep blue altar of Sif Muna.
 11668 | D:9      | Found a flagged portal.
 11695 | Bailey   | Entered a bailey
 14686 | D:9      | Reached XP level 10. HP: 36/89 MP: 11/14
 14911 | D:9      | Learned a level 4 spell: Summon Lightning Spire
 14964 | D:9      | Noticed Joseph
 15056 | D:9      | Killed Joseph
 15056 | D:9      | Reached skill level 1 in Air Magic
 15479 | D:9      | Noticed Harold
 15545 | D:9      | Killed Harold
 15988 | D:9      | Noticed Gastronok
 16190 | D:9      | Killed Gastronok
 16416 | D:10     | Entered Level 10 of the Dungeon
 16484 | D:10     | Noticed a two-headed ogre
 16512 | D:10     | Killed a two-headed ogre
 16656 | D:10     | Noticed Erolcha
 16668 | D:10     | Noticed a gargoyle
 16728 | D:9      | Killed a gargoyle
 16946 | D:10     | Cast into level 1 of the Abyss (Erolcha)
 17018 | Abyss:1  | Noticed a cyan very ugly thing
 17067 | Abyss:1  | Noticed a thrashing horror
 17095 | Abyss:1  | Noticed a necromancer
 17099 | Abyss:1  | Noticed a spatial maelstrom
 17102 | Abyss:1  | Noticed a wretched star
 17105 | Abyss:1  | Noticed a wretched star
 17128 | Abyss:1  | Slain by a spatial maelstrom

Skill      XL: |  1  2  3  4  5  6  7  8  9 10 |
---------------+-------------------------------+-----
Fighting       | 1 2 3 4 5 6 8 9 |  9.4
Summonings     | 5 6 7 8 9 |  9.8
Polearms       | 1 2 3 4 5 7 8 |  8.3
Shields        | 2 4 |  4.7
Spellcasting   | 3 |  3.0
Air Magic      | 4 |  4.5
Dodging        | |  1.7
Stealth        | |  1.7

Action                   |  1- 3 |  4- 6 |  7- 9 | 10-12 || total
-------------------------+-------+-------+-------+-------++-------
Melee: Unarmed           |    10 |       |       |       ||    10
       Club              |    66 |       |       |       ||    66
       Tailslap          |    15 |    21 |    21 |     9 ||    66
       Trident           |    35 |   218 |   451 |   114 ||   818
       Flail             |    27 |       |       |       ||    27
Throw: Javelin           |       |       |     2 |       ||     2
 Cast: Summon Small Mamm |     9 |     4 |     6 |       ||    19
       Call Imp          |     5 |    12 |   168 |    63 ||   248
       Call Canine Famil |     2 |     7 |    82 |    34 ||   125
       Summon Lightning  |       |       |       |    13 ||    13
Invok: Curse Item        |       |       |       |     2 ||     2
 Abil: Breathe Lightning |       |       |     3 |     2 ||     5
Evoke: Wand              |       |       |    16 |       ||    16
  Use: Scroll            |       |     1 |     9 |     5 ||    15
       Potion            |       |     1 |     3 |     5 ||     9
 Stab: Sleeping          |     4 |       |     3 |       ||     7
       Distracted        |     1 |     3 |     9 |     2 ||    15
  Eat: Chunk             |     6 |    13 |    21 |    10 ||    50
       Ration            |       |       |     7 |     5 ||    12
Armor: Skin              |    60 |    56 |   157 |    38 ||   311
Dodge: Dodged            |   117 |   120 |   374 |    73 ||   684
Block: Buckler           |       |       |    83 |    49 ||   132
